 Dungeon Crawl Stone Soup version 0.31.0-9-g3a7656b989 (webtiles) character file.

Game seed: 4828529357954509398

43669 James the Severer (level 14, -1/126 HPs)
             Began as a Hill Orc Monk on Feb 2, 2024.
             Was a High Priest of Zin.
             Slain by a cane toad (3 damage)
             ... on level 5 of the Lair of Beasts.
             The game lasted 00:48:27 (18092 turns).

James the Severer (Hill Orc Monk)                  Turns: 18092, Time: 00:48:27

Health: -1/126     AC: 22    Str: 29    XL:     14   Next: 25%
Magic:  19/23      EV:  9    Int: 14    God:    Zin [*****.]
Gold:   609        SH: 18    Dex: 17    Spells: 13/13 levels left

rFire   . . .        a - +5 war axe (elec)
rCold   . . .        W - +0 kite shield
rNeg    . . .        S - +0 plate armour
rPois   ∞            U - +0 helmet
rElec   .            q - +0 cloak
rCorr   .            L - +1 pair of gloves
SInv    .            w - +0 pair of boots
Will    +....        v - amulet of reflection Stlth
                     O - ring of poison resistance
HPRegen 0.41/turn    o - +6 ring of strength
MPRegen 0.18/turn

%: reflection
@: on fire, vitalised, reciting, glowing
A: no striking features
a: Renounce Religion, Recite, Vitalisation, Imprison, Sanctuary, Donate Gold


You were on level 5 of the Lair of Beasts.
You worshipped Zin.
Zin was extremely pleased with you.
You visited 3 branches of the dungeon, and saw 17 of its levels.
You also visited: Ossuary.

You collected 1188 gold pieces.
You spent 461 gold pieces at shops.
You donated 118 gold pieces to Zin.

Inventory:

Hand Weapons
 a - a +5 war axe of electrocution (weapon)
   (You bought it in a shop on level 5 of the Dungeon)
 b - the +10 flail "Riel" {flame, rElec Int+3 Dex-5}
   (You found it on level 6 of the Dungeon)

   Int+3:     It affects your intelligence (+3).
   Dex-5:     It affects your dexterity (-5).
   rElec:     It insulates you from electricity.
 n - a +0 spear
   (You took it off a gnoll on level 1 of the Dungeon)
Missiles
 i - a throwing net {!f}
 r - 5 javelins
 x - 21 boomerangs
 X - 10 poisoned darts (quivered)
Armour
 q - a +0 cloak (worn)
   (You found it on level 2 of the Dungeon)
 w - a +0 pair of boots (worn)
   (You found it on level 2 of the Dungeon)
 L - a +1 pair of gloves (worn)
   (You found it on level 7 of the Dungeon)
 S - a +0 plate armour (worn)
   (You found it on level 4 of the Dungeon)
 U - a +0 helmet (worn)
   (You found it on level 4 of the Dungeon)
 W - a +0 kite shield (worn)
   (You found it on level 7 of the Dungeon)
 Y - +0 acid dragon scales
   (You found it on level 10 of the Dungeon)
Jewellery
 o - a +6 ring of strength (right hand)
   (You found it on level 5 of the Dungeon)
 s - a ring of positive energy
   (You found it on level 2 of the Dungeon)
 v - an amulet of reflection (around neck)
   (You found it on level 1 of the Lair of Beasts)
 z - a ring of see invisible
   (You found it on level 9 of the Dungeon)
 C - a ring of fire
   (You found it on level 5 of the Dungeon)
 O - a ring of poison resistance (left hand)
   (You bought it in a shop on level 11 of the Dungeon)
Wands
 d - a wand of iceblast (9)
   (You found it on level 9 of the Dungeon)
 u - a wand of paralysis (4)
   (You found it on level 10 of the Dungeon)
 Z - a wand of light (16)
   (You found it on level 5 of the Dungeon)
Scrolls
 c - 4 scrolls of immolation {unknown}
 f - 18 scrolls of identify {unknown}
 h - 3 scrolls of enchant weapon {unknown}
 j - 4 scrolls of teleportation {unknown}
 m - 2 scrolls of butterflies {unknown}
 p - a scroll of torment {unknown}
 y - a scroll of fear {unknown}
 D - 2 scrolls of enchant armour {unknown}
 G - a scroll of silence {unknown}
 I - 4 scrolls of poison {unknown}
 J - a scroll of noise {unknown}
 Q - 2 scrolls of amnesia {unknown}
 R - 4 scrolls of vulnerability {unknown}
 T - 3 scrolls of fog {unknown}
 V - 3 scrolls of revelation {unknown}
Potions
 e - 4 potions of attraction {unknown}
 g - 2 potions of degeneration {unknown}
 k - a potion of enlightenment {unknown}
 l - 9 potions of curing {unknown}
 t - a potion of magic {unknown}
 A - a potion of resistance {unknown}
 B - 3 potions of mutation {unknown}
 E - 7 potions of might {unknown}
 F - 5 potions of lignification {unknown}
 H - 6 potions of brilliance {unknown}
 K - 2 potions of invisibility {unknown}
 M - 4 potions of heal wounds {unknown}
 N - 4 potions of haste {unknown}
 P - a potion of cancellation {unknown}


   Skills:
 + Level 12.1 Fighting
 * Level 15.9 Axes
 + Level 11.1 Armour
 - Level 3.0 Dodging
 + Level 13.8 Shields
 - Level 13.0 Invocations


You had 13 spell levels left.
You didn't know any spells.
Your spell library contained the following spells:

 Spells                   Type           Power      Damage    Failure   Level
 Shock                    Conj/Air       0%         1d3       96%         1
 Slow                     Hex            0%         N/A       96%         1
 Cigotuvi's Dreadful Rot  Necr/Alch/Air  0%         N/A       99%         2
 Frozen Ramparts          Ice            0%         1d1       100%        3
 Fugue of the Fallen      Necr           0%         N/A       100%        3
 Hailstorm                Conj/Ice       0%         3d5       100%        3
 Inner Flame              Hex/Fire       0%         N/A       100%        3
 Ozocubu's Armour         Ice            0%         N/A       100%        3
 Summon Ice Beast         Ice/Summ       0%         N/A       100%        3
 Swiftness                Air            0%         N/A       100%        3
 Airstrike                Air            0%         2d(0-16)  100%        4
 Animate Armour           Summ/Erth      0%         N/A       100%        4
 Flame Wave               Conj/Fire      0%         2d4       100%        4
 Ignite Poison            Fire/Alch      0%         N/A       100%        4
 Leda's Liquefaction      Alch/Erth      0%         N/A       100%        4
 Manifold Assault         Tloc           0%         N/A       100%        4
 Petrify                  Alch/Erth      0%         N/A       100%        4
 Sticky Flame             Fire/Alch      0%         2d4       100%        4
 Summon Lightning Spire   Summ/Air       0%         N/A       100%        4
 Freezing Cloud           Conj/Ice/Air   0%         6-21      100%        5
 Lee's Rapid Deconstruct  Erth           0%         3d4*      100%        5
 Metabolic Englaciation   Hex/Ice        0%         N/A       100%        5
 Sculpt Simulacrum        Ice/Alch       0%         N/A       100%        6
 Discord                  Hex            0%         N/A       100%        8
 Ignition                 Fire           0%         3d3       100%        8


Dungeon Overview and Level Annotations

Branches:
Dungeon (11/15)            Temple (1/1) D:5            Lair (4/5) D:10
 Shoals (0/4) Lair:3       Spider (0/4) Lair:2          Orc (0/2) D:11
Ossuary (visited)
  Slime: Lair:4-5

Altars:
Ashenzari
Cheibriados
Dithmenos
Elyvilon
Fedhas
Gozag
Hepliaklqana
Kikubaaqudgha
Makhleb
Nemelex Xobeh
Okawaru
Qazlal
Ru
Sif Muna
Trog
Uskayaw
Vehumet
Wu Jian
Xom
Yredelemnul
Zin
The Shining One
Lugonu

Shops:
D:5 (   D:11 !=((

Portals:
Abyss: Lair:5

Annotations:
D:11 1 exclusion


Message History

You hold your ground!
You hit the elephant but do no damage. You slash the thrashing horror!
The thrashing horror tramples you but does no damage.
You block the thrashing horror's attack.
The thrashing horror tramples you but does no damage. x2
The blink frog blinks!
You hit the elephant but do no damage. You hit the thrashing horror.
You slice the thrashing horror!!
You block the thrashing horror's attack. x3
The thrashing horror tramples you but does no damage.
The blink frog blinks!
You slice the elephant!!
You kill the elephant!
You slash the thrashing horror! x2
The thrashing horror churns violently!
The thrashing horror seems to grow stronger.
The thrashing horror closely misses you.
You block the thrashing horror's attack.
You barely miss the thrashing horror. You hit the raiju.
You hit the smoke demon.
The thrashing horror tramples you but does no damage.
You block the thrashing horror's attack. x3
The raiju bursts into living lightning!
The living lightning hits you!!
* * * LOW HITPOINT WARNING * * *
The raiju blinks!
The smoke demon hits you but does no damage. x3
You closely miss the blink frog. You barely miss the thrashing horror.
You closely miss the smoke demon. You slash the raiju!
You kill the raiju!
The thrashing horror tramples you but does no damage. x2
You block the blink frog's attack. The smoke demon gestures at you.
The pyre arrow hits you.
You are covered in intense liquid fire!
Activating: Recite (0% risk of failure)
Press: ? - help, Dir - look around, f - activate You clear your throat and prepare to recite.
The liquid fire burns you!
* * * LOW HITPOINT WARNING * * *
"Thus the people made the covenant of purity with..."
The smoke demon is limned with silver light.
You hear a bellow! x2; You hear an angry hiss.
You hear an angry growl.
You hear a loud, deep croak!
The thrashing horror barely misses you.
The thrashing horror closely misses you.
You block the blink frog's attack.
The blink frog blinks!
You block the thrashing horror's attack. x2
The cane toad stings you.
You die...

♣♣♣♣♣♣ ♣....♣♣♣
♣♣♣♣.....♣
♣♣F§......♣♣♣
♣@XF†.......♣
♣F3♣♣♣...♣♣...♣
♣?.÷YX♣ ♣♣♣♣♣
.. ♣..÷_..
♣))..[?♣♣
♣♣♣÷∩♣♣♣ ♣♣♣


You could see an elephant, 2 thrashing horrors, a cane toad, a smoke demon
(corona) and 2 blink frogs.

Vanquished Creatures
  Snorg (D:11)
  Erolcha (D:11)
  3 hydras
  A catoblepas (Lair:4)
  A boulder beetle (D:11)
  5 two-headed ogres
  2 thrashing horrors (Lair:5)
  A skyshark (Lair:2)
  Pikel (D:6)
  2 large abominations (Lair:5)
  An ugly thing (Lair:5)
  A cyclops (D:11)
  14 elephants
  3 black mambas
  10 cane toads
  An unseen horror (D:10)
  A torpor snail (Lair:4)
  A kobold demonologist (D:9)
  A rime drake (D:10)
  6 komodo dragons
  2 polar bears
  2 raiju (Lair:5)
  Prince Ribbit (D:6)
  A snapping turtle (Lair:3)
  13 blink frogs
  4 dream sheep (Lair:4)
  Sigmund (D:6)
  A shadow (D:5)
  2 water elementals
  2 wraiths
  40 yaks
  A wyvern (Lair:3)
  4 basilisks
  Eustachio (D:2)
  5 vampire mosquitoes (D:11)
  2 acid dragons
  18 water moccasins
  A sky beast (D:8)
  7 ice beasts
  5 orc warriors
  2 black bears (D:7)
  3 ogres
  7 centaurs
  27 wolves
  2 lemures (D:6)
  2 phantoms
  A weeping skull (Ossuary)
  A kobold brigand (D:5)
  A gnoll sergeant (D:11)
  A scorpion (D:5)
  14 bullfrogs
  2 water moccasin zombies (Ossuary)
  5 wights (D:8)
  2 electric eels
  5 howler monkeys (D:9)
  2 centaur zombies (Ossuary)
  A bombardier beetle (D:4)
  2 bullfrog zombies (Ossuary)
  2 hounds
  2 orc priests
  A gnoll bouda (Lair:1)
  2 jellies
  A scorpion zombie (Ossuary)
  5 iguanas
  7 orc wizards
  9 gnolls
  9 adders
  A shadow imp (D:5)
  A white imp (D:5)
  3 ribbon worms
  A dart slug (D:1)
  34 orcs
  8 endoplasms
  3 giant cockroaches
  4 gnoll zombies (Ossuary)
  8 goblins
  10 hobgoblins
  2 jackals (D:2)
  12 kobolds
  7 quokkas
  13 ball pythons
  2 bats (D:1)
  3 frilled lizards
  6 goblin zombies (Ossuary)
  4 hobgoblin zombies (Ossuary)
  7 rats
417 creatures vanquished.

Notes
Turn   | Place    | Note
-------+----------+-------------------------------------------
     0 | D:1      | James the Hill Orc Monk began the quest for the Orb.
     0 | D:1      | Reached XP level 1. HP: 19/19 MP: 1/1
   275 | D:1      | Reached XP level 2. HP: 26/26 MP: 2/2
   304 | D:1      | Reached skill level 5 in Axes
   597 | D:1      | Reached XP level 3. HP: 31/31 MP: 3/3
   889 | D:2      | Reached skill level 6 in Axes
  1068 | D:2      | Reached XP level 4. HP: 39/39 MP: 4/4
  1476 | D:2      | Reached skill level 7 in Axes
  1540 | D:2      | Reached XP level 5. HP: 24/45 MP: 5/5
  1814 | D:3      | Found a snail-covered altar of Cheibriados.
  1915 | D:3      | Got Sif Muna's Volume of Sparks and the Sphinx
  2531 | D:4      | Reached skill level 8 in Axes
  2553 | D:4      | Reached skill level 1 in Armour
  2574 | D:4      | Reached XP level 6. HP: 43/52 MP: 6/6
  3119 | D:4      | Noticed Eustachio
  3932 | D:2      | Killed Eustachio
  4190 | D:5      | Entered Level 5 of the Dungeon
  4254 | D:5      | Reached XP level 7. HP: 60/60 MP: 7/7
  4293 | D:5      | Reached skill level 5 in Fighting
  4301 | D:5      | Found a staircase to the Ecumenical Temple.
  4345 | Temple   | Entered the Ecumenical Temple
  4395 | D:5      | Noticed a shadow
  4409 | D:5      | Killed a shadow
  4410 | D:5      | Reached skill level 9 in Axes
  4644 | D:5      | Reached skill level 10 in Axes
  4644 | D:5      | Reached XP level 8. HP: 48/68 MP: 8/8
  4715 | D:5      | Found a glowing silver altar of Zin.
  4747 | D:5      | Became a worshipper of Zin the Law-Giver
  4747 | D:5      | Reached * piety under Zin
  4747 | D:5      | Reached ** piety under Zin
  4747 | D:5      | Reached *** piety under Zin
  4787 | D:5      | Found Visaa's Antique Weapon Boutique.
  4943 | D:5      | Reached skill level 1 in Invocations
  5629 | D:5      | Bought a runed war axe for 221 gold pieces
  5695 | D:6      | Found a sand-covered staircase.
  5719 | Ossuary  | Entered an ossuary
  5807 | Ossuary  | Reached skill level 5 in Invocations
  5873 | Ossuary  | Noticed a silent spectre
  6006 | D:6      | Noticed Pikel
  6028 | D:6      | Killed Pikel
  6029 | D:6      | Reached XP level 9. HP: 66/74 MP: 13/16
  6060 | D:6      | Reached **** piety under Zin
  6114 | D:6      | Identified the +10 flail "Riel" {flame, rElec Int+3 Dex-5}
  6140 | D:6      | Reached skill level 10 in Invocations
  6222 | D:6      | Found an ornate altar of the Wu Jian Council.
  6277 | D:6      | Noticed Sigmund
  6278 | D:6      | Killed Sigmund
  6487 | D:6      | Noticed Prince Ribbit
  6498 | D:6      | Killed Prince Ribbit
  6549 | D:6      | Found a sparkling altar of Nemelex Xobeh.
  6549 | D:6      | Found a shimmering altar of Xom.
  6724 | D:7      | Reached ***** piety under Zin
  6889 | D:7      | Reached skill level 5 in Armour
  7338 | D:7      | Reached XP level 10. HP: 83/86 MP: 18/18
  7700 | D:7      | Reached skill level 11 in Axes
  8569 | D:9      | Reached skill level 10 in Fighting
  8614 | D:9      | Noticed a kobold demonologist
  8619 | D:9      | Killed a kobold demonologist
  9158 | D:9      | Noticed a two-headed ogre
  9163 | D:9      | Killed a two-headed ogre
  9164 | D:9      | Reached skill level 12 in Axes
  9164 | D:9      | Reached XP level 11. HP: 64/99 MP: 19/19
  9266 | D:9      | Reached ****** piety under Zin
  9284 | D:9      | Found a glowing golden altar of the Shining One.
  9285 | D:9      | Found an iron altar of Okawaru.
  9287 | D:9      | Found an ancient bone altar of Kikubaaqudgha.
  9289 | D:9      | Found a shadowy altar of Dithmenos.
  9290 | D:9      | Found a white marble altar of Elyvilon.
  9386 | D:9      | Found a broken altar of Ashenzari.
  9429 | D:10     | Entered Level 10 of the Dungeon
  9518 | D:10     | Noticed a two-headed ogre
  9634 | D:10     | Noticed a two-headed ogre
  9638 | D:10     | Killed a two-headed ogre
  9705 | D:10     | Killed a two-headed ogre
  9952 | D:10     | Found a staircase to the Lair.
 10036 | D:10     | Reached skill level 1 in Shields
 10859 | Lair:1   | Entered Level 1 of the Lair of Beasts
 10950 | D:11     | Found Vuc Lis's Jewellery Boutique.
 11172 | D:11     | Noticed a two-headed ogre
 11176 | D:11     | Reached skill level 5 in Shields
 11181 | D:11     | Killed a two-headed ogre
 11266 | D:11     | Found Ifazxurgh's Weapon Emporium.
 11308 | D:11     | Noticed Erolcha
 11315 | D:11     | Killed Erolcha
 11327 | D:11     | Found Daqot's Weapon Boutique.
 11442 | D:11     | Reached XP level 12. HP: 85/106 MP: 21/21
 11556 | D:11     | Noticed Snorg
 11567 | D:11     | Killed Snorg
 11571 | D:11     | Noticed a two-headed ogre
 11584 | D:11     | Killed a two-headed ogre
 12171 | D:11     | Reached skill level 10 in Shields
 12257 | D:11     | Found Ibod's Distillery.
 12348 | D:11     | Noticed a boulder beetle
 12383 | D:11     | Killed a boulder beetle
 12568 | D:11     | Found a staircase to the Orcish Mines.
 12665 | D:11     | Bought a ring of poison resistance for 240 gold pieces
 13574 | Lair:1   | Reached XP level 13. HP: 60/114 MP: 22/22
 14312 | Lair:2   | Reached skill level 13 in Axes
 15205 | Lair:2   | Reached skill level 10 in Armour
 15249 | Lair:2   | Found a hole to the Spider Nest.
 15741 | Lair:3   | Reached skill level 14 in Axes
 15983 | Lair:3   | HP: 4/116 [komodo dragon (21)]
 16322 | Lair:3   | Found a staircase to the Shoals.
 17364 | Lair:4   | Reached skill level 15 in Axes
 17851 | Lair:3   | Reached XP level 14. HP: 100/125 MP: 23/23
 18052 | Lair:4   | You fall into a shaft and drop 1 floor!
 18052 | Lair:5   | Entered Level 5 of the Lair of Beasts
 18052 | Lair:5   | Found a corrupted altar of Lugonu.
 18052 | Lair:5   | Found a one-way gate to the infinite horrors of the Abyss.
 18092 | Lair:5   | HP: 2/126 [burnt (6)]
 18092 | Lair:5   | Slain by a cane toad

Illustrated notes

Levels and vault maps discovered:
D:1:      pf_arrival_petrified_forest, layout_loops_cross, minmay_hexomino_f4
D:2:      layout_rooms
D:3:      minmay_wonky_spiral, layout_basic, mainiacjoe_overflow_catwalk
D:4:      layout_cave_pods, uniq_eustachio
D:5:      layout_loops_cross, mainiacjoe_overflow_chevrons,
          minmay_temple_entry_large_hall, serial_shops, nicolae_shop_stone,
          nicolae_elevator_lobby_asterisk
D:6:      layout_loops_ring, amcnicky_altar_gilded,
          gammafunk_temple_overflow_statue, enter_ossuary_1, uniq_pikel,
          uniq_prince_ribbit1, uniq_sigmund
D:7:      black_bear_nest_1, layout_loops_corners, minmay_liquid_box
D:8:      layout_cave_pools
D:9:      layout_basic, ashenzari_altar_1, grunt_temple_overflow_open
D:10:     layout_basic, hellmonk_lair_entry_icy, nrook_campfire
D:11:     layout_irregular_city, erik_orc_2, serial_shops, shop,
          nicolae_shop_window_shopping, shop, nicolae_take_the_stairs,
          uniq_snorg, uniq_erolcha
Temple:   minmay_temple_curvy_loop
Lair:1:   hellmonk_ruined_rings, layout_regular_city, dreamdust_gnoll_shepherd
Lair:2:   layout_loops_ring, dummy_spider_entry, grunt_forest_large_clearings,
          serial_bayou_shore_a, serial_bayou_shore_b
Lair:3:   layout_misc_corridors, minmay_shoals_entry_hut
Lair:4:   layout_layer_cave, slime_entry_2, basic_altar,
          minmay_lair_oklob_items, infiniplex_staircase_pool
Lair:5:   hellmonk_lair_end_abyssal_woods, layout_small_grid, basic_altar,
          grunt_megastairs_5

Skill      XL: |  1  2  3  4  5  6  7  8  9 10 11 12 13 14 |
---------------+-------------------------------------------+-----
Axes           | 5 6 7 8 10 12 15 | 15.9
Fighting       | 4 5 7 10 11 12 | 12.1
Armour         | 2 3 4 6 8 9 10 11 | 11.1
Dodging        | 3 |  3.0
Invocations    | 9 11 13 | 13.0
Shields        | 7 12 13 | 13.8

Action                     |  1- 3 |  4- 6 |  7- 9 | 10-12 | 13-15 || total
---------------------------+-------+-------+-------+-------+-------++-------
  Melee: Hand axe          |    86 |   275 |   100 |       |       ||   461
         War axe           |     8 |       |   107 |   402 |   298 ||   815
         Flail             |       |       |       |       |    26 ||    26
  Throw: Javelin           |       |     1 |     4 |     6 |       ||    11
         Dart              |       |       |       |     4 |       ||     4
 Invoke: Vitalisation      |       |       |       |       |     3 ||     3
         Sanctuary         |       |       |       |       |     3 ||     3
         Recite            |       |       |       |       |     1 ||     1
  Evoke: Wand              |       |       |       |     4 |       ||     4
   Stab: Invisible         |       |       |       |     2 |       ||     2
         Petrified         |       |       |       |       |     3 ||     3
 Armour: Robe              |    46 |    42 |       |       |       ||    88
         Chain mail        |       |   205 |    23 |       |       ||   228
         Plate armour      |       |       |   148 |   317 |   336 ||   801
  Dodge: Dodged            |    47 |   164 |    72 |   133 |   107 ||   523
  Block: Kite shield       |       |       |       |   166 |   408 ||   574
